tiger and carro's > blobbers

Match 30130451
End
Construct Barracks
Selects Armored Battlegroup
Selects Veteran Crews
Riflemen Squad
Riflemen Squad
Riflemen Squad
Infantry Support Center
Riflemen Squad
Construct Medical Station
Selects M31 Recovery Vehicle
Construct Motor Pool
Selects War Machine
M8 Greyhound Armored Car
M24 Chaffee Light Tank
Selects Strength in Steel
Grenade Package
Riflemen Squad
M8 Greyhound Armored Car
Selects Seek and Destroy
M24 Chaffee Light Tank
Engineer Squad
M24 Chaffee Light Tank
M1 Anti-tank Gun Team
M24 Chaffee Light Tank
Selects UNKNOWN (2160077)
M24 Chaffee Light Tank
Riflemen Squad
M1 Anti-tank Gun Team
M24 Chaffee Light Tank
Riflemen Squad
M24 Chaffee Light Tank
M1 Mortar Team
M24 Chaffee Light Tank
Engineer Squad
M24 Chaffee Light Tank
M24 Chaffee Light Tank
M24 Chaffee Light Tank
M24 Chaffee Light Tank
M24 Chaffee Light Tank
Riflemen Squad
Stana
Nemesis Force Halberd
Scoutspirit
▼△BlueSkid™△▼
0
0

Comments sign in to comment!

No comments posted yet!